 Dungeon Crawl Stone Soup version 0.28.0-45-g0d030f2227 (webtiles) character file.

Game seed: 12430687655510274489

196 Iusername the Covered (level 5, -3/46 HPs)
             Began as a Minotaur Fighter on Apr 6, 2022.
             Slain by a gnoll sergeant
             ... wielding a +4 spear
              (4 damage)
             ... on level 4 of the Dungeon on Apr 7, 2022.
             The game lasted 00:07:25 (4356 turns).

Iusername the Covered (Minotaur Fighter)            Turns: 4356, Time: 00:07:26

Health: -3/46      AC: 14    Str: 22    XL:     5   Next: 45%
Magic:  4/4        EV:  9    Int: 15    God:
Gold:   201        SH:  4    Dex: 10    Spells: 4/4 levels left

rFire   . . .      SeeInvis .   g - +3 whip of Qazlal's Benevolence {protect, Int+4}
rCold   . . .      Faith    .   c - +0 buckler
rNeg    . . .      Spirit   .   b - +0 scale mail
rPois   .          Reflect  .   (helmet restricted)
rElec   .          Harm     .   (no cloak)
rCorr   .          Rampage  .   (no gloves)
Will    .....                   (no boots)
Stlth   ..........              (no amulet)
HPRegen 0.15/turn               e - +6 ring of intelligence
MPRegen 0.09/turn               (no ring)

@: under a protective aura, attractive
A: horns 2, retaliatory headbutt
a: no special abilities


You were on level 4 of the Dungeon.
You visited 1 branch of the dungeon, and saw 4 of its levels.

You collected 201 gold pieces.

Inventory:

Hand Weapons
 a - a +0 trident
 g - the +3 whip of Qazlal's Benevolence (weapon) {protect, Int+4}
   (You found it on level 2 of the Dungeon)

   It grants its wielder temporary protection when it strikes (+7 to AC).
   Int:       It affects your intelligence (+4).
Armour
 b - a +0 scale mail (worn)
 c - a +0 buckler (worn)
Jewellery
 e - a +6 ring of intelligence (left hand)
Wands
 n - a wand of polymorph (2) (quivered)
Scrolls
 f - 2 scrolls of magic mapping {unknown}
 h - 2 scrolls of immolation {unknown}
 k - a scroll of identify {unknown}
 m - a scroll of teleportation {unknown}
 p - a scroll of enchant armour {unknown}
Potions
 d - a potion of haste {unknown}
 i - a potion of attraction
 j - a potion of heal wounds {unknown}
 l - a potion of invisibility {unknown}
 o - a potion of curing {unknown}


   Skills:
 + Level 4.2 Fighting
 + Level 2.7 Maces & Flails
 + Level 3.2 Polearms
 + Level 5.4 Armour
 + Level 1.0 Dodging
 + Level 0.2 Stealth
 + Level 4.2 Shields


You had 4 spell levels left.
You didn't know any spells.
Your spell library was empty.

Dungeon Overview and Level Annotations

Branches:
Dungeon (4/15)
 Temple: D:4-7

Altars:
Wu Jian

Shops:
D:1 *


Innate Abilities, Weirdness & Mutations

You have a pair of horns on your head.
You reflexively headbutt those who attack you in melee.


Message History

You block the gnoll sergeant's attack. The goblin hits you with a +0 club.
You whack the dart slug!
You kill the dart slug!
The gnoll sergeant hits you from afar with a +4 spear.
You block the goblin's attack.
You whack the goblin!
You kill the goblin!
You block the gnoll sergeant's attack.
The gnoll sergeant hits you with a +4 spear.
You hit the gnoll sergeant but do no damage.
The gnoll sergeant hits you with a +4 spear!
You completely miss the gnoll sergeant. You headbutt the gnoll sergeant.
The gnoll sergeant is lightly wounded.
The gnoll sergeant hits you with a +4 spear!
You are too injured to fight recklessly!
You are too injured to fight recklessly!
It was a potion of attraction.
You feel attractive to monsters.
The gnoll sergeant hits you with a +4 spear.
You are too injured to fight recklessly!
You are too injured to fight recklessly!
You hit the gnoll sergeant but do no damage.
The gnoll sergeant is lightly wounded.
The gnoll sergeant hits you with a +4 spear!
* * * LOW HITPOINT WARNING * * *
You hit the gnoll sergeant.
The gnoll sergeant is moderately wounded.
You block the gnoll sergeant's attack.
You hit the gnoll sergeant. You headbutt the gnoll sergeant!
The gnoll sergeant is heavily wounded.
The gnoll sergeant hits you but does no damage.
You hit the gnoll sergeant but do no damage.
The gnoll sergeant is heavily wounded.
The gnoll sergeant hits you with a +4 spear.
* * * LOW HITPOINT WARNING * * *
You hit the gnoll sergeant but do no damage.
Your headbutt misses the gnoll sergeant.
The gnoll sergeant is heavily wounded.
The gnoll sergeant hits you with a +4 spear.
You die...

......# #..#
# #####.#
#..# #.
#.##..# .##
#.#..# ..#
#...## ..#
###..## ##..#
##).## ##)†##
#.#..###..#.#
##.#.)#.)#@#
#.#.#...#.#g#
#############


You could see a gnoll sergeant.

Vanquished Creatures
  An orc priest (D:3)
  A hound skeleton (D:4)
  Robin (D:3)
  2 adders
  An adder skeleton (D:4)
  4 worms (D:3)
  2 dart slugs
  4 orcs
  7 ball pythons
  4 bats (D:1)
  3 endoplasms
  4 giant cockroaches
  16 goblins
  9 hobgoblins
  19 jackals
  3 kobolds
  A quokka (D:2)
  2 frilled lizards (D:1)
  4 rats
88 creatures vanquished.

Notes
Turn   | Place    | Note
-------+----------+-------------------------------------------
     0 | D:1      | Iusername the Minotaur Fighter began the quest for the Orb.
     0 | D:1      | Reached XP level 1. HP: 19/19 MP: 0/0
    95 | D:1      | Found a faded altar of an unknown god.
   105 | D:1      | Reached XP level 2. HP: 11/27 MP: 1/1
   111 | D:1      | Reached skill level 4 in Armour
   530 | D:1      | Reached XP level 3. HP: 23/33 MP: 2/2
  1284 | D:1      | Found Dytif's Assorted Antiques.
  1953 | D:2      | Identified the +3 whip of Qazlal's Benevolence {protect,
                  | Int+4}
  2307 | D:2      | Reached XP level 4. HP: 36/40 MP: 3/3
  2952 | D:3      | Reached skill level 5 in Armour
  2973 | D:3      | Found an ornate altar of the Wu Jian Council.
  3043 | D:3      | Reached skill level 1 in Maces & Flails
  3043 | D:3      | Reached skill level 1 in Dodging
  3043 | D:3      | Reached XP level 5. HP: 13/46 MP: 4/4
  3826 | D:3      | Noticed Robin
  3844 | D:3      | Killed Robin
  4355 | D:4      | HP: 1/46 [gnoll sergeant/+4 spear (6)]
  4356 | D:4      | Slain by a gnoll sergeant

Illustrated notes

Levels and vault maps discovered:
D:1:      minmay_arrival_shattered_statue, layout_loops_cross,
          shapermc_ecumenical_altar_starsandcircs, serial_shops, shop
D:2:      layout_basic
D:3:      layout_basic, nicolae_overflow_crystal_walls, serial_glass,
          glass_columns_a, glass_columns_a, uniq_robin
D:4:      minmay_diamond_boxcup, layout_basic, lemuel_crystal_altar,
          minmay_temple_entry_gardened_gates, corexii_hall_statues_t

Skill      XL: |  1  2  3  4  5 |
---------------+----------------+-----
Armour         | 4 5 |  5.4
Fighting       | 4 |  4.2
Shields        | 4 |  4.2
Polearms       | 3 |  3.2
Maces & Flails | 1 2 |  2.7
Dodging        | 1 |  1.0
Stealth        | |  0.2

Action                   |  1- 3 |  4- 6 || total
-------------------------+-------+-------++-------
Melee: Trident           |    69 |       ||    69
       Headbutt          |     7 |    19 ||    26
       Whip              |    21 |    92 ||   113
Evoke: Wand              |       |     1 ||     1
  Use: Scroll            |     1 |       ||     1
       Potion            |       |     2 ||     2
Armor: Scale mail        |    66 |    41 ||   107
Dodge: Dodged            |    94 |    35 ||   129
Block: Buckler           |    42 |    14 ||    56
